 Dungeon Crawl Stone Soup version 0.20-b1-12-g5827e59 (webtiles) character file.

54623 LORDOFBUTT the Severer (level 14, -3/129 HPs)
             Began as a Minotaur Berserker on May 23, 2017.
             Was the Champion of Trog.
             Slain by an orc warrior
             ... wielding a +1 glaive of protection
             ... led by an orc warlord
              (29 damage)
             ... on level 2 of the Orcish Mines.
             The game lasted 00:24:24 (19272 turns).

LORDOFBUTT the Severer (Minotaur Berserker)        Turns: 19272, Time: 00:24:25

Health: -3/129     AC: 15    Str: 26    XL:     14   Next: 35%
Magic:  13/13      EV: 17    Int:  2    God:    Trog [******]
Gold:   1623       SH:  0    Dex: 11    Spells: 13/13 levels left

rFire    + . .     SeeInvis .   P - +8 frozen axe "Frostbite" {freezing cloud, *Noise +Fly rC+}
rCold    + + +     Gourm    .   (shield currently unavailable)
rNeg     + . .     Faith    .   B - +2 ring mail {rC+}
rPois    .         Spirit   .   (helmet unavailable)
rElec    .         Reflect  .   s - scarf {rC+ rF+}
rCorr    .         Harm     .   z - +2 pair of gloves
MR       +....                  (no boots)
Stlth    +.........             (no amulet)
Regen    0.4/turn               L - +3 ring of protection
MPRegen  0.2/turn               T - ring of positive energy

@: slowed, very slow
A: retaliatory headbutt, horns 3, dopey 1, wild magic 1
a: Berserk, Trog's Hand, Brothers in Arms, Burn Spellbooks, Renounce Religion,
Evoke Flight


You were on level 2 of the Orcish Mines.
You worshipped Trog.
Trog was exalted by your worship.
You were very hungry.

You visited 3 branches of the dungeon, and saw 21 of its levels.
You also visited: Ice Cave.

You collected 1623 gold pieces.

Inventory:

Hand Weapons
 N - a +5 executioner's axe of flaming
 P - the +8 frozen axe "Frostbite" (weapon) {freezing cloud, *Noise +Fly rC+}
   (You found it in an ice cave)

   It has been specially enchanted to freeze those struck by it, causing extra
   injury to most foes and up to half again as much damage against particularly
   susceptible opponents.
   It can also slow down cold-blooded creatures.
   It protects you from cold.
   It lets you fly.
   It may make noises in combat.
Armour
 s - a scarf of resistance (worn)
 z - a +2 pair of gloves (worn)
 B - a +2 ring mail of cold resistance (worn)
Jewellery
 L - a +3 ring of protection (left hand)
 T - a ring of positive energy (right hand)
Wands
 a - a wand of acid (10/15)
 e - a wand of disintegration (7/24)
 f - a wand of flame (19/48)
 A - a wand of random effects (29/48)
 H - a wand of digging (6/24)
 I - a wand of confusion (30/48)
 J - a wand of disintegration (5/24)
 K - a wand of lightning (10/15)
 M - a wand of confusion (24/48)
 S - a wand of polymorph (6/24)
 U - a wand of paralysis (10/24)
 X - a wand of polymorph (11/24)
Scrolls
 b - 6 scrolls of teleportation
 l - 7 scrolls of remove curse
 n - 5 scrolls of magic mapping
 o - a scroll of blinking {unknown}
 p - a scroll of acquirement {unknown}
 v - a scroll of amnesia {unknown}
 w - 5 scrolls of fog
 y - a scroll of fear {unknown}
 C - 2 scrolls of enchant weapon
 F - a scroll of holy word {unknown}
 G - a scroll of immolation {unknown}
 V - 2 scrolls of recharging {unknown}
Potions
 g - 2 potions of cancellation
 h - 4 potions of might
 i - 5 potions of brilliance
 k - 4 potions of curing
 r - 5 potions of flight
 t - a potion of magic
 u - 5 potions of ambrosia
 x - a potion of agility {unknown}
 O - 4 potions of heal wounds
 Q - 3 potions of lignification
 Z - 2 potions of invisibility {unknown}
Comestibles
 c - 13 bread rations
 d - 33 fruits
 j - 15 chunks of flesh
 m - 6 royal jellies
 q - 3 meat rations


   Skills:
 - Level 13.5 Fighting
 * Level 20.1 Axes
 - Level 10.4 Armour
 - Level 12.1 Dodging


You had 13 spell levels left.
You didn't know any spells.

Dungeon Overview and Level Annotations

Branches:
Dungeon (13/15)            Temple (0/1) D:6            Lair (6/6) D:11
  Swamp (0/4) Lair:2        Snake (0/4) Lair:3        Slime (0/5) Lair:5
    Orc (2/2) D:12            Elf (0/3) Orc:2
 Vaults: D:13-14

Altars:
Cheibriados
Elyvilon
Fedhas
Gozag
Hepliaklqana
Kikubaaqudgha
Nemelex Xobeh
Okawaru
Ru
Sif Muna
Uskayaw
Xom
The Shining One
Beogh
Jiyva

Shops:
D:6 :   Orc:2 %

Annotations:
Lair:4 exclusion: 2 oklob plants
Lair:5 exclusion: oklob plant
Lair:6 exclusion: oklob plant


Innate Abilities, Weirdness & Mutations

You reflexively headbutt those who attack you in melee.
You have a pair of large horns on your head.
You are dopey. (Int -2)
Your spells are a little harder to cast, but a little more powerful.


Message History

Trog accepts your kill.
Trog appreciates your killing of a magic user.
Something appears at your feet! Trog grants you a gift!
Reactivating autopickup.
You feel a bit more experienced.
The orc warrior hits you from afar with a glaive of protection.
The orc closely misses you. The orc warrior misses you.
Okay, then.
You barely miss the orc warlord. You headbutt the orc warlord.
The orc warlord is lightly wounded.
You carve the orc like a ham!!! You freeze the orc.
You kill the orc!
Trog accepts your kill.
The orc warlord unwields an uncursed arbalest.
The orc warlord wields an uncursed great sword of slicing.
The orc warlord hits you with an uncursed great sword of slicing!!
* * * LOW HITPOINT WARNING * * *
x2 The orc warrior hits you from afar with a glaive of protection!!
You die...

#.........#
##.........# #
#..........# ## .##
###.8.8.....##.#...#
###...)..............#
##...##)''##...........
#..###†....###..##.....
#.## #8)o.8# ##.# #...
#.# ##@§.## #.# ..# #.#
#§§.# #.# # #.# 'o.o'..
#.# #.# .#...#...#.#
#.# ###.8.#####.# ## ##
#.# #...# #.# ###.##
##.###.# '...'
#.###....# #...#..#
#...#. #.##......
####......## ##.#
#.#...


You could see an orc warlord, an orc warrior and an orc.

Vanquished Creatures
  A frost giant (IceCv)
  The ghost of rodbeard the Grappler, a journeyman TrMo of Hepliaklqana (Orc:2)
  Snorg (Orc:2)
  Erolcha (D:9)
  Fannar (Lair:3)
  Harold (Lair:4)
  6 hydras
  A catoblepas (Lair:3)
  A centaur warrior (D:12)
  3 two-headed ogres
  A tengu warrior (D:13)
  An orc high priest (Orc:2)
  Pikel (D:9)
  An orc knight (Orc:2)
  2 cyclopes (D:12)
  An ugly thing (D:12)
  A deep elf mage (D:12)
  An elephant (Lair:6)
  An elephant (shapeshifter) (D:13)
  An ice statue (IceCv)
  3 black mambas
  A torpor snail (Lair:4)
  9 spiny frogs
  A gargoyle (D:11)
  A komodo dragon (Lair:4)
  16 polar bears
  5 trolls
  8 slime creatures
  Grinder (D:5)
  13 blink frogs
  5 hippogriffs
  A shadow (D:12)
  A spriggan (D:10)
  42 yaks
  5 wyverns
  3 basilisks
  A hungry ghost (D:11)
  4 vampire mosquitoes (D:12)
  4 nagas (Lair:3)
  Menkaure (D:6)
  6 wargs
  16 water moccasins
  18 orc warriors
  8 porcupines
  3 black bears
  2 sky beasts (D:5)
  4 ice beasts
  A phantom (D:8)
  4 slaves (D:9)
  9 ogres
  A necrophage (D:8)
  42 wolves
  6 centaurs
  10 crocodiles
  A big kobold (D:12)
  13 bullfrogs
  Blork the orc (D:5)
  A wyvern zombie (D:9)
  3 scorpions
  A wyvern skeleton (D:11)
  An electric eel (D:12)
  A howler monkey (D:5)
  7 crimson imps
  A bullfrog zombie (D:10)
  2 centaur zombies
  2 jellies
  18 orc priests
  2 bullfrog skeletons (D:12)
  4 hounds
  A gnoll shaman (D:10)
  28 orc wizards
  Jessica (D:2)
  An iguana (D:6)
  8 worker ants
  A killer bee zombie (D:4)
  A hound zombie (D:11)
  A worker ant zombie (D:7)
  5 gnolls (D:10)
  11 adders
  3 shadow imps
  An adder skeleton (D:8)
  2 worms
  6 leopard geckos
  101 orcs
  3 ball pythons
  7 giant cockroaches
  7 goblins
  7 hobgoblins
  8 jackals
  7 quokkas
  9 bats
  3 frilled lizards
  A jackal skeleton (D:6)
  A jackal zombie (D:8)
  6 kobolds
  6 rats
  5 fungi
582 creatures vanquished.

Vanquished Creatures (others)
  An orc wizard (Orc:2)
  A bush (Lair:5)
  2 fungi (Lair:5)
4 creatures vanquished.

Grand Total: 586 creatures vanquished

Notes
Turn   | Place    | Note
-------+----------+-------------------------------------------
     0 | D:1      | LORDOFBUTT the Minotaur Berserker began the quest for the Orb.
     0 | D:1      | Reached XP level 1. HP: 19/19 MP: 0/0
   278 | D:1      | Reached XP level 2. HP: 26/26 MP: 1/1
   452 | D:1      | Reached skill level 4 in Axes
   830 | D:1      | Reached ** piety under Trog
  1178 | D:2      | Noticed Jessica
  1181 | D:2      | Killed Jessica
  1181 | D:2      | Reached XP level 3. HP: 28/31 MP: 2/2
  1248 | D:2      | Found an ancient bone altar of Kikubaaqudgha.
  1439 | D:2      | Found a hide-covered altar of Uskayaw.
  1601 | D:2      | Found a sparkling altar of Nemelex Xobeh.
  1609 | D:2      | Reached XP level 4. HP: 33/39 MP: 3/3
  1933 | D:2      | Reached skill level 5 in Axes
  2184 | D:3      | Reached XP level 5. HP: 25/45 MP: 4/4
  2436 | D:3      | Found a sacrificial altar of Ru.
  2677 | D:4      | Noticed an ogre
  2685 | D:4      | Killed an ogre
  2685 | D:4      | Reached skill level 6 in Axes
  2685 | D:4      | Reached skill level 5 in Dodging
  2685 | D:4      | Reached XP level 6. HP: 45/51 MP: 5/5
  2704 | D:4      | Reached *** piety under Trog
  2705 | D:4      | Found a snail-covered altar of Cheibriados.
  2885 | D:5      | Entered Level 5 of the Dungeon
  2929 | D:5      | Noticed a sky beast
  2938 | D:5      | Killed a sky beast
  3072 | D:5      | Noticed Grinder
  3081 | D:5      | Paralysed by Grinder for 7 turns
  3089 | D:5      | Killed Grinder
  3089 | D:5      | Reached skill level 7 in Axes
  3089 | D:5      | Reached XP level 7. HP: 11/57 MP: 6/6
  3326 | D:5      | Gained mutation: Your magical capacity is low. (-10% MP) [mutagenic meat]
  3327 | D:5      | Gained mutation: You tend to lose your temper in combat. [mutagenic meat]
  3328 | D:5      | Gained mutation: You expend magic power (3 MP) to strengthen your wands. [mutagenic meat]
  3329 | D:5      | Gained mutation: Your spells are a little harder to cast, but a little more powerful. [mutagenic meat]
  3330 | D:5      | Gained mutation: You can translocate small distances at will. [mutagenic meat]
  3762 | D:5      | Reached skill level 8 in Axes
  3902 | D:5      | Noticed Blork the orc
  3909 | D:5      | Killed Blork the orc
  4011 | D:6      | Found Ranotodd's Book Emporium.
  4040 | D:6      | Found a white marble altar of Elyvilon.
  4061 | D:6      | Reached XP level 8. HP: 64/64 MP: 6/6
  4134 | D:6      | Reached skill level 9 in Axes
  4309 | D:6      | Noticed Menkaure
  4316 | D:6      | Killed Menkaure
  4735 | D:6      | You fall through a shaft for 2 floors!
  4813 | D:8      | Reached skill level 10 in Axes
  4817 | D:8      | Found a blossoming altar of Fedhas.
  4885 | D:7      | Reached **** piety under Trog
  5215 | D:6      | Reached XP level 9. HP: 70/70 MP: 7/7
  5245 | D:6      | Found a staircase to the Ecumenical Temple.
  5659 | D:8      | Found a shimmering altar of Xom.
  5660 | D:8      | Found an iron altar of Okawaru.
  5663 | D:8      | Found an opulent altar of Gozag.
  5715 | D:8      | Reached skill level 11 in Axes
  5756 | D:8      | Found a deep blue altar of Sif Muna.
  5906 | D:8      | Reached skill level 10 in Dodging
  5989 | D:8      | Noticed a two-headed ogre
  5998 | D:8      | Killed a two-headed ogre
  5998 | D:8      | Reached skill level 5 in Fighting
  6527 | D:8      | Noticed a two-headed ogre
  6535 | D:8      | Killed a two-headed ogre
  6535 | D:8      | Reached skill level 12 in Axes
  6535 | D:8      | Reached XP level 10. HP: 75/84 MP: 8/8
  6880 | D:9      | Found a glowing golden altar of the Shining One.
  6959 | D:9      | Noticed a two-headed ogre
  6969 | D:9      | Killed a two-headed ogre
  7139 | D:9      | Noticed Pikel
  7157 | D:9      | Killed Pikel
  7157 | D:9      | Reached skill level 5 in Armour
  7395 | D:9      | Reached skill level 13 in Axes
  7512 | D:9      | Identified the Reference Book on Heat and Toxins
  7614 | D:9      | Noticed Erolcha
  7624 | D:9      | Killed Erolcha
  7692 | D:10     | Entered Level 10 of the Dungeon
  7932 | D:10     | Found a glowing silver altar of Zin.
  7937 | D:10     | Found a shimmering altar of Xom.
  7937 | D:10     | Found a shimmering altar of Xom.
  7939 | D:10     | Found an ancient bone altar of Kikubaaqudgha.
  7939 | D:10     | Found an ancient bone altar of Kikubaaqudgha.
  7939 | D:10     | Found a hazy altar of Hepliaklqana.
  8139 | D:10     | Reached XP level 11. HP: 93/97 MP: 8/8
  8303 | D:11     | Reached ***** piety under Trog
  8307 | D:11     | Received a gift from Trog
  8353 | D:11     | Found a staircase to the Lair.
  8736 | D:11     | Reached skill level 10 in Fighting
  9231 | D:12     | Reached skill level 14 in Axes
  9416 | D:12     | Found a staircase to the Orcish Mines.
  9468 | D:12     | Received a gift from Trog
  9477 | D:12     | Found a frozen archway.
  9488 | IceCv    | Entered an ice cave
 10176 | IceCv    | Noticed a frost giant
 10187 | IceCv    | Killed a frost giant
 10187 | IceCv    | Reached XP level 12. HP: 112/112 MP: 9/9
 11451 | D:12     | Reached skill level 15 in Axes
 11549 | D:12     | Gained mutation: You are dopey. (Int -2) [mutagenic meat]
 11886 | D:12     | Noticed a seven-headed hydra
 11889 | D:12     | Killed an eight-headed hydra
 11940 | D:13     | Received a gift from Trog
 12005 | D:13     | Noticed a tengu warrior
 12015 | D:13     | Killed a tengu warrior
 12100 | Lair:1   | Entered Level 1 of the Lair of Beasts
 12179 | Lair:1   | Reached skill level 10 in Armour
 12188 | Lair:1   | Reached XP level 13. HP: 73/122 MP: 10/10
 12527 | Lair:1   | Reached skill level 16 in Axes
 12530 | Lair:1   | Lost mutation: Your spells are a little harder to cast, but a little more powerful. [potion of mutation]
 12530 | Lair:1   | Lost mutation: You expend magic power (3 MP) to strengthen your wands. [potion of mutation]
 12530 | Lair:1   | Lost mutation: Your magical capacity is low. (-10% MP) [potion of mutation]
 12530 | Lair:1   | Lost mutation: You tend to lose your temper in combat. [potion of mutation]
 12530 | Lair:1   | Lost mutation: You can translocate small distances at will. [potion of mutation]
 12530 | Lair:1   | Gained mutation: Your spells are a little harder to cast, but a little more powerful. [potion of mutation]
 12530 | Lair:1   | Gained mutation: You have a pair of large horns on your head. [potion of mutation]
 13398 | Lair:2   | Found a staircase to the Swamp.
 13870 | Lair:3   | Found a staircase to the Snake Pit.
 14035 | Lair:3   | Noticed Fannar
 14057 | Lair:3   | Killed Fannar
 14235 | Lair:3   | Reached skill level 17 in Axes
 15099 | Lair:4   | Noticed Harold
 15117 | Lair:4   | Killed Harold
 15117 | Lair:4   | Received a gift from Trog
 15258 | Lair:4   | Reached skill level 18 in Axes
 16262 | Lair:4   | Got a distressingly furry leather armour
 16273 | Lair:4   | Identified the cursed +1 leather armour of Undesirable Species {rF+ MR+ Str+10 Int-4} (You found it on level 4 of the Lair of Beasts)
 16273 | Lair:4   | Lost intelligence.
 16374 | Lair:5   | Found a staircase to the Slime Pits.
 16374 | Lair:5   | Found a viscous altar of Jiyva.
 16727 | Lair:5   | Found an ancient bone altar of Kikubaaqudgha.
 16885 | Lair:5   | Found a blossoming altar of Fedhas.
 17341 | Lair:6   | Entered Level 6 of the Lair of Beasts
 17466 | Lair:6   | Reached XP level 14. HP: 92/129 MP: 13/13
 17564 | Lair:6   | Reached skill level 19 in Axes
 17965 | Lair:6   | Got a polished leather armour
 17976 | Lair:6   | Identified the cursed +0 leather armour of the Castellan {Dex+5} (You found it on level 6 of the Lair of Beasts)
 18209 | Orc:1    | Entered Level 1 of the Orcish Mines
 18377 | Orc:1    | Received a gift from Trog
 18672 | Orc:2    | Entered Level 2 of the Orcish Mines
 18680 | Orc:2    | Noticed rodbeard's ghost (journeyman TrMo)
 18680 | Orc:2    | Noticed Snorg
 18688 | Orc:2    | Killed rodbeard's ghost
 18690 | Orc:2    | Killed Snorg
 18996 | Orc:2    | Found a staircase to the Elven Halls.
 19030 | Orc:2    | Found a roughly hewn altar of Beogh.
 19044 | Orc:2    | Found Rysy's Food Boutique.
 19242 | Orc:2    | Noticed an orc warlord
 19251 | Orc:2    | Reached skill level 20 in Axes
 19259 | Orc:2    | Reached ****** piety under Trog
 19271 | Orc:2    | Received a gift from Trog
 19272 | Orc:2    | Slain by an orc warrior

Skill      XL: |  1  2  3  4  5  6  7  8  9 10 11 12 13 14 |
---------------+-------------------------------------------+-----
Axes           | 4 5 6 7 8 10 12 13 14 15 18 20 | 20.1
Dodging        | 3 4 5 6 7 9 10 11 12 | 12.1
Fighting       | 6 9 12 13 | 13.5
Armour         | 4 5 8 10 | 10.4

Action                   |  1- 3 |  4- 6 |  7- 9 | 10-12 | 13-15 || total
-------------------------+-------+-------+-------+-------+-------++-------
Melee: Hand axe          |    59 |    84 |   241 |   267 |       ||   651
       Headbutt          |     7 |    15 |    45 |    94 |    71 ||   232
       Executioner's axe |       |       |       |   174 |   366 ||   540
Invok: Berserk           |       |     1 |     2 |     5 |     2 ||    10
       Burn Spellbooks   |       |       |     1 |       |     1 ||     2
 Abil: Blink             |       |       |     2 |       |       ||     2
  Use: Scroll            |     2 |    10 |     2 |     3 |     8 ||    25
       Potion            |       |       |       |     5 |     1 ||     6
  Eat: Chunk             |     2 |     5 |    19 |    23 |    15 ||    64
       Fruit             |       |       |       |     1 |    11 ||    12
Armor: Animal skin       |     4 |       |       |       |       ||     4
       Ring mail         |    21 |    35 |    51 |   155 |   119 ||   381
Dodge: Dodged            |    37 |    57 |   140 |   397 |   328 ||   959
